 Dungeon Crawl Stone Soup version 0.29.1-4-g47bece8355 (webtiles) character file.

Game seed: 4960664100022109354

36 CaptainMV the Gusty (level 3, -7/26 HPs)
             Began as a Draconian Air Elementalist on Dec 8, 2022.
             Mangled by Terence
             ... wielding a +0 mace
              (9 damage)
             ... on level 2 of the Dungeon.
             The game lasted 00:08:21 (898 turns).

CaptainMV the Gusty (Draconian Air Elementalist)     Turns: 898, Time: 00:08:22

Health: -7/26      AC:  5    Str: 10    XL:     3   Next: 19%
Magic:  0/6        EV: 12    Int: 17    God:
Gold:   32         SH:  0    Dex: 11    Spells: 5/6 levels left

rFire   . . .      SeeInvis .   c - +0 whip
rCold   . . .      Faith    .   (no shield)
rNeg    . . .      Spirit   .   (body armour unavailable)
rPois   .          Reflect  .   (helmet restricted)
rElec   .          Harm     .   (no cloak)
rCorr   .          Rampage  .   (no gloves)
Will    .....                   (no boots)
Stlth   ++........              (no amulet)
HPRegen 0.08/turn               (no ring)
MPRegen 0.10/turn               (no ring)

@: very slightly contaminated
A: AC +5, unfitting armour, cold-blooded
a: no special abilities


You were on level 2 of the Dungeon.
You visited 1 branch of the dungeon, and saw 2 of its levels.

You collected 60 gold pieces.
You spent 28 gold pieces at shops.

Inventory:

Hand Weapons
 c - a +0 whip (weapon)
Missiles
 f - 3 boomerangs (quivered)
Scrolls
 b - a scroll of torment
 g - a scroll of teleportation
 k - a scroll of identify
Potions
 a - a potion of magic
 d - a potion of brilliance {unknown}
 e - a potion of attraction {unknown}
 h - a potion of ambrosia {unknown}
 i - 2 potions of heal wounds {unknown}
 j - a potion of lignification {unknown}


   Skills:
 + Level 0.2 Fighting
 + Level 0.3 Maces & Flails
 + Level 2.1 Dodging
 + Level 2.0 Stealth
 + Level 0.9 Unarmed Combat
 + Level 2.1 Spellcasting
 + Level 1.0 Conjurations
 + Level 3.4 Air Magic


You had 5 spell levels left.
You knew the following spells:

 Your Spells              Type           Power      Damage    Failure   Level
a - Shock                 Conj/Air       36%        1d5       8%          1

Your spell library contained the following spells:

 Spells                   Type           Power      Damage    Failure   Level
 Static Discharge         Conj/Air       9%         3-5/arc   12%         2
 Swiftness                Air            13%        N/A       14%         3
 Airstrike                Air            6%         2d(1-17)  41%         4


Dungeon Overview and Level Annotations

Branches:
Dungeon (2/15)

Altars:

Shops:
D:2 ?

Annotations:
D:2 Terence


Innate Abilities, Weirdness & Mutations

Your plain brown scales are hard. (AC +5)
You cannot fit into any form of body armour.
You are cold-blooded and may be slowed by cold attacks.


Message History

Press: ? - help, Shift-Dir - straight line, f/p - Terence
Aim: Terence, wielding a +0 mace and wearing a +1 ring mail of positive energy (lightly wounded, 72% to hit)
The zap hits Terence.
Terence is heavily wounded.
Terence completely misses you.
Casting: Shock (safe; 8% risk of failure)
Confirm with . or Enter, or press ? or * to list all spells.
Aiming: Shock (safe; 8% risk of failure)
Press: ? - help, Shift-Dir - straight line, f/p - Terence
Aim: Terence, wielding a +0 mace and wearing a +1 ring mail of positive energy (heavily wounded, 72% to hit)
The zap hits Terence but does no damage.
Terence is heavily wounded.
Terence hits you but does no damage.
Casting: Shock (safe; 8% risk of failure)
Confirm with . or Enter, or press ? or * to list all spells.
Aiming: Shock (safe; 8% risk of failure)
Press: ? - help, Shift-Dir - straight line, f/p - Terence
Aim: Terence, wielding a +0 mace and wearing a +1 ring mail of positive energy (heavily wounded, 72% to hit)
You miscast Shock.
You are very lightly contaminated with residual magic.
Nothing appears to happen.
Terence hits you but does no damage.
Casting: Shock (safe; 8% risk of failure)
Confirm with . or Enter, or press ? or * to list all spells.
Aiming: Shock (safe; 8% risk of failure)
Press: ? - help, Shift-Dir - straight line, f/p - Terence
Aim: Terence, wielding a +0 mace and wearing a +1 ring mail of positive energy (heavily wounded, 72% to hit)
The zap hits Terence.
Terence is heavily wounded.
Terence hits you with a +0 mace.
* * * LOW HITPOINT WARNING * * *
Unknown command.
Casting: Shock (safe; 8% risk of failure)
Confirm with . or Enter, or press ? or * to list all spells.
Aiming: Shock (safe; 8% risk of failure)
Press: ? - help, Shift-Dir - straight line, f/p - Terence
Aim: Terence, wielding a +0 mace and wearing a +1 ring mail of positive energy (heavily wounded, 72% to hit)
The zap hits Terence.
Terence is severely wounded.
Terence hits you with a +0 mace!
You die...

.....# ..)..# .....#
...†.# .....### .......#
.......#
.......#############.#.#
................@@......
.......#############.###
.......# .......#
.......# .......#
.......# .......#


You could see Terence.

Vanquished Creatures
  A gnoll (D:2)
  An adder (D:2)
  2 ball pythons
  An endoplasm (D:2)
  3 giant cockroaches
  4 goblins
  A hobgoblin (D:1)
  A quokka (D:1)
  A frilled lizard (D:1)
  A kobold (D:2)
  A rat (D:1)
17 creatures vanquished.

Notes
Turn   | Place    | Note
-------+----------+-------------------------------------------
     0 | D:1      | CaptainMV the Draconian Air Elementalist began the quest
                  | for the Orb.
     0 | D:1      | Reached XP level 1. HP: 14/14 MP: 3/3
   406 | D:1      | Reached XP level 2. HP: 14/20 MP: 5/5
   750 | D:2      | Found Ydeet's Magic Scroll Shop.
   771 | D:2      | Bought a scroll of identify for 28 gold pieces
   881 | D:2      | Noticed Terence
   893 | D:2      | Reached XP level 3. HP: 6/26 MP: 6/6
   897 | D:2      | HP: 1/26 [Terence/+0 mace (1)]
   898 | D:2      | Mangled by Terence

Illustrated notes

Levels and vault maps discovered:
D:1:      amcnicky_arrival_single_pillar, layout_loops_ring,
          minmay_crystal_room, hex_medium
D:2:      layout_basic, shapermc_ecumenical_altar_acropolis, serial_shops,
          shop_statue, minmay_hexomino_u4, uniq_terence, uniq_robin

Skill      XL: |  1  2 |
---------------+-------+-----
Dodging        | 2 |  2.1
Stealth        | 2 |  2.0
Fighting       | |  0.2
Maces & Flails | |  0.3
Unarmed Combat | |  0.9
Spellcasting   | |  2.1
Conjurations   | |  1.0
Air Magic      | |  3.4

Action                   || total
-------------------------++-------
Melee: Unarmed           ||    13
       Whip              ||    48
       Tailslap          ||     6
       Punch             ||     2
 Cast: Shock             ||    12
  Use: Scroll            ||     2
Armor: Skin              ||    17
Dodge: Dodged            ||    40
